Map: Bel'Shir Vestige LE (Void)

Players

uThermal - Winner!

  • Race: Terran Terran
  • Spawn Location: 11:00

PiLiPiLi

  • Race: Protoss Protoss
  • Spawn Location: 5:00

Event: IEM XI Katowice - World Championship 2017

VOD

Have the link to the VOD?

Description

Time

  • Played on: Feb. 27, 2017, 11:02 a.m.
  • Length: 11:08

All games in this series

Show
View Real Time Build Order
Export as new Build Order

uThermal Terran - Winner!

Build Orders: Reaper Expand, MMM Bio 

Get SALT Encoding   

  12  0:01  SCV  
  13  0:13  SCV  
  14  0:17  Supply Depot  
  14  0:25  SCV  
  15  0:29  Refinery  
  15  0:39  SCV  
  16  0:44  Barracks  
  16  0:51  SCV  
  17  1:03  SCV  
  18  1:15  SCV  
  19  1:31  Reaper, Orbital Command  
  20  1:41  Command Center  
  20  1:51  Factory  
  20  1:57  SCV  
  21  2:07  Barracks Reactor  
  21  2:09  SCV  
  21  2:12  Supply Depot  
  21  2:15  Refinery  
  22  2:21  SCV  
  23  2:33  SCV  
  24  2:42  Marine x2, Starport  
  26  2:45  SCV  
  26  2:46  Widow Mine  
  29  2:54  Orbital Command  
  29  2:57  SCV  
  30  3:00  Marine x2  
  32  3:09  SCV  
  33  3:18  Marine, Widow Mine, Medivac  
  38  3:22  SCV  
  38  3:24  SCV  
  40  3:31  Supply Depot  
  40  3:33  Marine  
  40  3:34  SCV  
  42  3:35  Barracks  
  42  3:36  Marine  
  42  3:38  SCV  
  44  3:46  SCV  
  44  3:48  Factory Tech Lab  
  45  3:49  Starport Tech Lab  
  45  3:50  SCV  
  45  3:54  Marine x2  
  48  3:58  SCV  
  48  4:02  SCV  
  50  4:06  Supply Depot  
  50  4:08  Siege Tank  
  53  4:10  SCV  
  53  4:17  Bunker, SCV  
  53  4:19  Supply Depot  
  54  4:25  Supply Depot  
  54  4:27  Viking, SCV  
  54  4:29  SCV  
  58  4:32  Marine x2, Stimpack  
  60  4:40  SCV  
  60  4:41  Siege Tank  
  60  4:42  SCV  
  65  4:47  Engineering Bay  
  65  4:53  Barracks  
  65  4:56  SCV, Refinery x2  
  65  4:58  Starport Reactor  
  65  4:59  Marine  
  67  5:00  Marine x2  
  67  5:03  SCV  
  70  5:08  Supply Depot, SCV  
  70  5:13  Terran Infantry Weapons Level 1  
  71  5:15  SCV  
  71  5:17  Supply Depot  
  71  5:19  Marine x2  
  71  5:20  SCV  
  75  5:24  Marine  
  75  5:27  SCV  
  77  5:32  SCV  
  78  5:40  SCV  
  79  5:43  Marine x2  
  79  5:44  Marauder, Factory Reactor  
  79  5:48  Supply Depot, SCV  
  79  5:49  Command Center  
  84  5:52  SCV  
  84  5:56  Marauder, Combat Shields  
  81  5:59  Medivac  
  81  6:02  Medivac  
  85  6:04  Marine  
  85  6:08  Marauder  
  86  6:18  Marauder, SCV  
  79  6:19  SCV  
  69  6:29  Marauder  
  69  6:30  SCV  
  69  6:31  SCV  
  69  6:33  Marine  
  69  6:42  SCV  
  69  6:43  SCV  
  69  6:45  Marine, Marauder  
  73  6:47  Widow Mine  
  73  6:52  Medivac  
  77  6:54  SCV, Medivac  
  77  6:55  SCV  
  77  6:56  Concussive Shells  
  80  7:06  Marine x2, Marauder, SCV  
  80  7:07  Terran Infantry Armor Level 1, Marine, SCV  
  87  7:16  Supply Depot  
  87  7:18  SCV  
  87  7:19  SCV, Orbital Command  
  89  7:25  Marine, Medivac  
  92  7:30  SCV  
  92  7:32  Medivac  
  92  7:35  Marine, Missile Turret  
  92  7:36  Marine  
  95  7:38  Widow Mine  
  98  7:49  Marine  
  98  7:52  Marine  
  98  7:53  Marine, Barracks  
  98  7:56  Medivac, Barracks  
  102  8:00  Marine  
  102  8:02  Medivac  
  104  8:06  Missile Turret  
  104  8:17  SCV  
  104  8:18  Marine  
  104  8:19  Marine, Marauder x2  
  110  8:20  Widow Mine x2  
  110  8:23  SCV  
  110  8:26  Medivac  
  114  8:32  Supply Depot  
  114  8:33  SCV  
  115  8:36  Marine  
  115  8:41  Orbital Command  
  115  8:47  SCV x2  
  115  8:48  Widow Mine x2  
  117  8:49  Missile Turret  
  117  8:53  Armory  
  117  8:54  Marine x2  
  123  8:57  Barracks Tech Lab  
  123  9:00  SCV  
  123  9:01  Marine x2  
  126  9:07  Supply Depot, SCV  
  127  9:11  SCV  
  127  9:13  SCV  
  127  9:16  Marine  
  129  9:19  SCV  
  129  9:23  SCV  
  131  9:25  SCV  
  131  9:31  Marine, SCV  
  124  9:32  Marauder  
  124  9:35  SCV  
  124  9:37  SCV  
  124  9:38  Marine x2, Marauder  
  131  9:42  Marine  
  131  9:43  SCV  
  131  9:49  SCV  
  131  9:50  Marine  
  128  9:53  Liberator, Marauder  
  128  9:55  SCV  
  128  9:56  Marine  
  128  9:57  Marine  
  128  9:58  Liberator  
  131  10:00  Marine, Marauder  
  126  10:08  Marine  
  126  10:09  Widow Mine x2  
  133  10:14  Marauder  
  133  10:16  Marine  
  133  10:17  Marine  
  133  10:20  Marine  
  141  10:24  Marauder  
  130  10:41  Barracks  
  130  10:42  Barracks x2  
  126  10:43  Marine  
  126  10:44  Marine, Marauder  
  126  10:49  Marine  
Show
View Real Time Build Order
Export as new Build Order

PiLiPiLi Protoss 

Build Orders: 1 Gate Expand, Blink Stalkers 

Get SALT Encoding   

  12  0:01  Probe (Chrono Boost)  
  13  0:11  Probe (Chrono Boost)  
  14  0:17  Pylon  
  14  0:22  Probe (Chrono Boost)  
  16  0:35  Gateway  
  16  0:36  Probe (Chrono Boost)  
  16  0:41  Assimilator  
  16  0:46  Probe (Chrono Boost)  
  17  0:57  Probe (Chrono Boost)  
  18  1:08  Probe (Chrono Boost)  
  19  1:17  Nexus  
  19  1:20  Probe (Chrono Boost)  
  20  1:30  Cybernetics Core  
  20  1:33  Probe (Chrono Boost)  
  20  1:39  Assimilator  
  21  1:44  Probe (Chrono Boost)  
  22  1:48  Pylon  
  22  1:54  Probe (Chrono Boost)  
  23  2:03  Warp Gate  
  23  2:07  Mothership Core (Chrono Boost)  
  23  2:08  Adept  
  27  2:26  Probe (Chrono Boost)  
  29  2:30  Probe (Chrono Boost)  
  29  2:33  Robotics Facility  
  29  2:36  Probe (Chrono Boost)  
  30  2:40  Probe (Chrono Boost)  
  31  2:48  Probe (Chrono Boost)  
  31  2:51  Probe (Chrono Boost)  
  33  2:55  Twilight Council  
  33  3:00  Probe (Chrono Boost)  
  33  3:01  Probe (Chrono Boost)  
  35  3:12  Probe (Chrono Boost)  
  37  3:13  Probe (Chrono Boost)  
  37  3:22  Probe (Chrono Boost)  
  37  3:25  Probe (Chrono Boost)  
  37  3:27  Blink  
  39  3:28  Observer  
  39  3:32  Gateway x2  
  41  3:34  Probe (Chrono Boost)  
  41  3:37  Probe (Chrono Boost)  
  42  3:41  Pylon  
  42  3:47  Probe (Chrono Boost)  
  44  3:49  Probe (Chrono Boost)  
  44  3:57  Assimilator  
  44  3:59  Pylon, Probe (Chrono Boost)  
  44  4:01  Probe (Chrono Boost)  
  46  4:04  Pylon  
  46  4:08  Warp Prism  
  47  4:11  Probe (Chrono Boost)  
  49  4:26  Probe (Chrono Boost)  
  49  4:27  Stalker  
  49  4:28  Stalker  
  49  4:29  Stalker  
  56  4:32  Pylon  
  56  4:35  Gateway  
  56  4:36  Gateway  
  56  4:39  Gateway x2  
  56  4:41  Pylon  
  56  4:42  Immortal  
  60  4:55  Pylon  
  60  4:59  Pylon  
  60  5:02  Stalker x2  
  64  5:17  Stalker  
  64  5:18  Pylon  
  66  5:25  Observer  
  67  5:34  Stalker  
  69  5:44  Dark Shrine  
  69  5:45  Assimilator  
  69  5:47  Probe x2 (Chrono Boost)  
  71  5:55  Stalker x6  
  83  5:59  Probe (Chrono Boost)  
  84  6:04  Pylon  
  84  6:16  Adept  
  76  6:21  Adept x2  
  76  6:23  Warp Prism  
  60  6:34  Adept x6  
  60  6:36  Nexus  
  70  6:57  Resonating Glaives  
  70  7:00  Adept x4  
  70  7:01  Adept x3  
  84  7:03  Robotics Bay  
  84  7:10  Probe (Chrono Boost)  
  84  7:11  Pylon, Probe (Chrono Boost)  
  87  7:22  Probe (Chrono Boost)  
  88  7:30  Probe (Chrono Boost)  
  88  7:37  Dark Templar  
  88  7:38  Dark Templar  
  88  7:40  Probe (Chrono Boost)  
  93  7:46  Dark Templar  
  93  7:49  Probe (Chrono Boost)  
  96  7:52  Disruptor  
  96  7:57  Probe (Chrono Boost)  
  96  7:58  Probe (Chrono Boost)  
  101  8:02  Probe (Chrono Boost)  
  100  8:07  Probe (Chrono Boost)  
  100  8:10  Probe (Chrono Boost)  
  100  8:14  Probe (Chrono Boost)  
  100  8:18  Probe (Chrono Boost)  
  100  8:24  Probe (Chrono Boost)  
  100  8:27  Stalker x5  
  101  8:30  Disruptor  
  101  8:31  Assimilator  
  101  8:33  Assimilator  
  108  8:38  Forge  
  108  8:41  Gateway  
  111  8:43  Gateway  
  111  8:45  Probe (Chrono Boost)  
  111  8:46  Probe (Chrono Boost)  
  110  8:56  Stalker x2  
  110  8:57  Stalker x3  
  118  9:03  Pylon  
  118  9:04  Disruptor  
  118  9:06  Pylon  
  118  9:09  Protoss Ground Weapons Level 1  
  117  9:17  Probe (Chrono Boost)  
  117  9:18  Probe x2 (Chrono Boost)  
  117  9:28  Stalker  
  117  9:29  Stalker x2  
  97  9:40  Adept  
  97  9:41  Adept  
  97  9:45  Adept x3  
  98  9:52  Stalker x2  
  87  9:55  Probe (Chrono Boost)  
  87  9:57  Probe (Chrono Boost)  
  87  9:58  Probe (Chrono Boost)  
  84  10:07  Adept x5  
  84  10:08  Adept  
  84  10:13  Adept  
  94  10:26  Adept x2  
  84  10:28  Adept  
  84  10:29  Adept x3  
  88  10:38  Stalker x2  
  78  10:47  Adept x2  
  79  10:54  Adept x2  
  79  10:56  Adept  

Tags
 
Add a new tag
Caveats
  • Supply blocks, unpowered buildings, or Contaminate may cause inaccurate times.
  • Supply counts are checked every 10 seconds.